 Dungeon Crawl Stone Soup version 0.31-a0-145-g046c7d2549 (webtiles) character file.

Game seed: 6430123015720824891

251 Ijustatesigmund the Stinger (level 6, -5/38 HPs)
             Began as an Octopode Venom Mage on June 7, 2023.
             Slain by Edmund
             ... wielding a +1 antimagic flail
              (10 damage)
             ... on level 4 of the Dungeon.
             The game lasted 00:06:25 (4177 turns).

Ijustatesigmund the Stinger (Octopode Venom Mage)   Turns: 4177, Time: 00:06:26

Health: -5/38      AC:  1    Str:  7    XL:     6   Next: 13%
Magic:  0/10       EV: 13    Int: 20    God:
Gold:   562        SH:  0    Dex: 12    Spells: 5/11 levels left

rFire   . . .        b - +0 short sword
rCold   + . .        (no shield)
rNeg    . . .        (helmet restricted)
rPois   .            i - amulet of regeneration
rElec   .            e - ring of wizardry
rCorr   .            g - ring of protection from cold
SInv    .            (no ring)
Will    .....        (no ring)
Stlth   +++          (no ring)
HPRegen 1.06/turn    (no ring)
MPRegen 0.12/turn    (no ring)
                     (no ring)

%: wizardry (x1)
@: no status effects
A: almost no armour, amphibious, 8 rings, camouflage 1, gelatinous body 1,
(nimble swimmer 1), tentacles
a: no special abilities


You were on level 4 of the Dungeon.
You visited 1 branch of the dungeon, and saw 4 of its levels.

You collected 562 gold pieces.

Inventory:

Hand Weapons
 b - a +0 short sword (weapon)
Magical Staves
 f - a staff of fire
Jewellery
 e - a ring of wizardry (left tentacle)
 g - a ring of protection from cold (right tentacle)
 i - an amulet of regeneration (around mantle)
Wands
 j - a wand of charming (6)
Scrolls
 h - a scroll of immolation
Potions
 a - a potion of magic
 c - 3 potions of curing
 d - a potion of might


   Skills:
 - Level 1.0 Fighting
 - Level 2.0 Dodging
 - Level 2.6 Stealth
 + Level 3.2 Spellcasting
 + Level 2.2 Conjurations
 - Level 1.5 Transmutations
 + Level 2.4 Air Magic
 + Level 5.0 Poison Magic


You had 5 spell levels left.
You knew the following spells:

 Your Spells              Type           Power      Damage    Failure   Level
a - Sting                 Tmut/Pois      64%        1d6       1%          1
b - Poisonous Vapours     Pois/Air       36%        N/A       1%          2
c - Mephitic Cloud        Conj/Pois/Air  16%        N/A       4%          3

Your spell library contained the following spells:

 Spells                   Type           Power      Damage    Failure   Level
 Olgreb's Toxic Radiance  Pois           23%        N/A       7%          4


Dungeon Overview and Level Annotations

Branches:
Dungeon (4/15)
 Temple: D:4-7

Altars:
Sif Muna

Shops:
D:1 (

Annotations:
D:4 Edmund


Innate Abilities, Weirdness & Mutations

You cannot wear most types of armour.
You are amphibious.
You can wear up to eight rings at the same time.
Your skin changes colour to match your surroundings (Stealth+).
Your rubbery body absorbs attacks. (AC +1, EV +1)
((You are camouflaged when in or above water. (Stealth+)))
You have tentacles for arms and can constrict up to eight enemies at once.


Message History

You constrict Edmund.
Edmund mutters, "Who needs spells, anyway?"
Edmund barely misses you.
You hit Edmund but do no damage.
You tentacle-slap Edmund, but do no damage.
Edmund is heavily wounded.
You constrict Edmund, but do no damage.
Edmund hits you with a +1 antimagic flail!
You are too injured to fight recklessly!
You are too injured to fight recklessly!
You are too injured to fight recklessly!
You are too injured to fight recklessly!
You are too injured to fight recklessly!
You are too injured to fight recklessly!
You are too injured to fight recklessly!
You hit Edmund but do no damage.
Edmund is heavily wounded.
You constrict Edmund.
Edmund hits you with a +1 antimagic flail!
* * * LOW HITPOINT WARNING * * *
You barely miss Edmund.
You tentacle-slap Edmund, but do no damage.
Edmund is severely wounded.
You constrict Edmund. Edmund barely misses you.
You hit Edmund but do no damage.
Edmund is severely wounded.
You constrict Edmund. Edmund closely misses you.
You feel better.
You constrict Edmund.
Edmund hits you with a +1 antimagic flail.
You hit Edmund.
Edmund is almost dead.
You constrict Edmund.
Edmund hits you with a +1 antimagic flail!
* * * LOW HITPOINT WARNING * * *
You feel your power leaking away.
You hit Edmund.
Edmund is almost dead.
You constrict Edmund.
Edmund hits you with a +1 antimagic flail!
You die...

### ..##..##### .
..........## #####
.............### #.#.##
>...#...#.@....####....#
....##.###@##..##..#...#
.......###.##...#..#...#
...........####.†......#
.#.#.<.###....#....###
####......##########
...........#
.##...#....# #....##.###


You could see Edmund (poisoned).

Vanquished Creatures
  A phantom (D:4)
  A scorpion (D:3)
  Jessica (D:3)
  An adder (D:2)
  2 worms
  3 dart slugs
  3 orcs (D:3)
  5 endoplasms
  2 giant cockroaches
  4 goblins
  2 hobgoblins (D:1)
  14 jackals
  3 quokkas
  7 ball pythons
  4 bats
  15 frilled lizards
  3 kobolds
  3 rats
74 creatures vanquished.

Notes
Turn   | Place    | Note
-------+----------+-------------------------------------------
     0 | D:1      | Ijustatesigmund the Octopode Venom Mage began the quest for
                  | the Orb.
     0 | D:1      | Reached XP level 1. HP: 11/11 MP: 3/3
   307 | D:1      | Reached XP level 2. HP: 13/18 MP: 5/5
   429 | D:1      | Learned a level 2 spell: Poisonous Vapours
   599 | D:1      | Found Regexach's Weapon Emporium.
   961 | D:1      | Reached skill level 1 in Fighting
   969 | D:1      | Reached XP level 3. HP: 21/23 MP: 2/6
   973 | D:1      | Reached skill level 4 in Poison Magic
   977 | D:1      | Learned a level 3 spell: Mephitic Cloud
  2016 | D:2      | Reached skill level 1 in Air Magic
  2149 | D:2      | HP: 1/23 [adder (3)]
  2157 | D:2      | Reached XP level 4. HP: 14/28 MP: 1/7
  3090 | D:3      | Found a shimmering blue altar of Sif Muna.
  3171 | D:3      | Reached skill level 1 in Conjurations
  3249 | D:3      | Identified a scroll of acquirement
  3249 | D:3      | Acquired 445 gold pieces
  3341 | D:3      | Noticed Jessica
  3348 | D:3      | Killed Jessica
  3378 | D:3      | Noticed a scorpion
  3383 | D:3      | Killed a scorpion
  3384 | D:3      | Reached XP level 5. HP: 33/33 MP: 1/9
  3722 | D:3      | Found a faded altar of an unknown god.
  3987 | D:4      | Noticed a phantom
  4014 | D:4      | Killed a phantom
  4015 | D:4      | Reached skill level 5 in Poison Magic
  4015 | D:4      | Reached XP level 6. HP: 21/38 MP: 10/10
  4148 | D:4      | Noticed Edmund
  4177 | D:4      | Slain by Edmund

Illustrated notes

Levels and vault maps discovered:
D:1:      dpeg_arrival_signposts, layout_basic, serial_shops,
          nicolae_shop_bloodbath_and_beyond, minmay_lizard_king
D:2:      layout_basic
D:3:      layout_basic, mainiacjoe_overflow_chevrons,
          shapermc_ecumenical_altar_petra, uniq_jessica
D:4:      layout_cave_pools, nicolae_hepliaklqana_hippocampus, temple_pool_b,
          uniq_edmund

Skill      XL: |  1  2  3  4  5 |
---------------+----------------+-----
Fighting       | 1 |  1.0
Poison Magic   | 4 5 |  5.0
Air Magic      | 1 2 |  2.4
Conjurations   | 1 2 |  2.2
Spellcasting   | 3 |  3.2
Dodging        | |  2.0
Stealth        | |  2.6
Transmutations | |  1.5

Action                     |  1- 3 |  4- 6 || total
---------------------------+-------+-------++-------
  Melee: Unarmed           |    27 |       ||    27
         Constrict         |    12 |    14 ||    26
         Tentacles         |     9 |    19 ||    28
         Short sword       |    50 |    83 ||   133
         Punch             |       |     4 ||     4
   Cast: Sting             |    32 |     2 ||    34
         Poisonous Vapours |    12 |    23 ||    35
         Mephitic Cloud    |       |     4 ||     4
    Use: Scroll            |     1 |     5 ||     6
         Potion            |     1 |     1 ||     2
   Stab: Sleeping          |     1 |     3 ||     4
         Confused          |       |     1 ||     1
 Armour: Skin              |     7 |     3 ||    10
  Dodge: Dodged            |    70 |    39 ||   109

Table legend: (Time is in decaauts)
 A = Elapsed time spent in this place.
 B = Non-inter-level travel time spent in this place.
 C = Inter-level travel time spent in this place.
 D = Time resting spent in this place.
 E = Time spent auto-exploring this place.
 F = Levels seen in this place.
 G = Mean time per level.
                   A        B        C        D        E       F      G
               +--------+--------+--------+--------+--------+-----+--------+
         Total |   4174 |   4100 |     74 |   1196 |   2379 |   4 | 1043.5 |
       Dungeon |   4174 |   4100 |     74 |   1196 |   2379 |   4 | 1043.5 |
               +--------+--------+--------+--------+--------+-----+--------+

Top non-repeatable levels by time:
     D:2: 1642 daAuts
     D:1: 1389 daAuts
     D:3: 941 daAuts
     D:4: 201 daAuts
